 Seeded DCSS version 0.30-a0-42-g806c11bf1d (webtiles) character file.

Game seed: 17246712331252751712 (custom seed)

8698 wilfster70 the Severer (level 11, 0/110 HPs)
             Began as a Hill Orc Fighter on Aug 30, 2022.
             Was a Priest of Beogh.
             Killed by vampiric draining
             ... invoked by Josephine
              (20 damage)
             ... on level 10 of the Dungeon.
             The game lasted 00:19:16 (10301 turns).

wilfster70 the Severer (Hill Orc Fighter)          Turns: 10301, Time: 00:19:17

Health: 0/110      AC: 16    Str: 24    XL:     11   Next: 34%
Magic:  18/18      EV:  5    Int: 14    God:    Beogh [***...]
Gold:   565        SH:  8    Dex: 10    Spells: 10/10 levels left

rFire   . . .      SeeInvis +    a - +6 broad axe (flame)
rCold   . . .      Faith    .    I - +0 kite shield
rNeg    . . .      Spirit   .    s - +0 plate armour
rPois   .          Reflect  .    r - +3 crown of Dyrovepreva {rElec Int+2 SInv}
rElec   +          Harm     .    (no cloak)
rCorr   .          Rampage  .    (no gloves)
Will    +....                    (no boots)
Stlth   ..........               D - amulet of the acrobat
HPRegen 0.28/turn                u - ring "Yblol" {Will+ Int+4}
MPRegen 0.16/turn                (no ring)

@: lethally poisoned (0 -> -32), studying Fighting
A: no striking features
a: Renounce Religion, Smiting


You were on level 10 of the Dungeon.
You worshipped Beogh.
Beogh was most pleased with you.
You visited 1 branch of the dungeon, and saw 10 of its levels.
You also visited: Sewer.

You collected 565 gold pieces.

Inventory:

Hand Weapons
 a - a +6 broad axe of flaming (weapon)
Armour
 r - the +3 crown of Dyrovepreva (worn) {rElec Int+2 SInv}
   (You found it on level 10 of the Dungeon)

   Int:       It affects your intelligence (+2).
   rElec:     It insulates you from electricity.
   SInv:      It lets you see invisible.
 s - a +0 plate armour (worn)
 I - a +0 kite shield (worn)
Jewellery
 f - a ring of ice
 u - the ring "Yblol" (left hand) {Will+ Int+4}
   (You acquired it in a sewer)

   [ring of willpower]

   Int:       It affects your intelligence (+4).
   Will:      It increases your willpower.
 D - an amulet of the acrobat (around neck)
 F - a ring of fire
Wands
 z - a wand of paralysis (7)
 B - a wand of mindburst (3)
Scrolls
 b - a scroll of silence {unknown}
 i - 7 scrolls of teleportation
 j - 4 scrolls of fog
 k - 2 scrolls of fear {unknown}
 l - 2 scrolls of amnesia {unknown}
 n - a scroll of poison
 p - 4 scrolls of enchant weapon {unknown}
 t - 2 scrolls of summoning
 v - 3 scrolls of magic mapping
 y - a scroll of noise {unknown}
 G - a scroll of enchant armour {unknown}
 H - a scroll of vulnerability {unknown}
 J - 2 scrolls of blinking
Potions
 c - a potion of brilliance
 d - 3 potions of might
 e - 3 potions of lignification
 g - 7 potions of curing
 h - 2 potions of mutation
 m - a potion of magic {unknown}
 o - 4 potions of flight
 q - a potion of cancellation {unknown}
 w - 3 potions of invisibility
 x - 3 potions of heal wounds
 A - a potion of resistance {unknown}


   Skills:
 + Level 14.1 Fighting
 * Level 15.2 Axes
 - Level 7.3 Armour
 - Level 4.0 Shields
 + Level 9.9 Invocations


You had 10 spell levels left.
You didn't know any spells.
Your spell library contained the following spells:

 Spells                   Type           Power      Damage    Failure   Level
 Beastly Appendage        Tmut           0%         N/A       100%        1
 Foxfire                  Conj/Fire      0%         2x1d4     100%        1
 Sandblast                Erth           0%         2d4       100%        1
 Shock                    Conj/Air       0%         1d3       100%        1
 Blink                    Tloc           0%         N/A       100%        2
 Passwall                 Tmut/Erth      0%         N/A       100%        2
 Wereblood                Tmut           0%         N/A       100%        2
 Conjure Flame            Conj/Fire      0%         6-21      100%        3
 Inner Flame              Hex/Fire       0%         N/A       100%        3
 Lesser Beckoning         Tloc           0%         N/A       100%        3
 Spider Form              Tmut/Pois      0%         N/A       100%        3
 Stone Arrow              Conj/Erth      0%         3d7       100%        3
 Flame Wave               Conj/Fire      0%         2d4       100%        4
 Manifold Assault         Tloc           0%         N/A       100%        5


Dungeon Overview and Level Annotations

Branches:
Dungeon (10/15)            Temple (0/1) D:7           Sewer (visited)
   Lair: D:8-11         Orc: D:9-12

Altars:
Ashenzari
Dithmenos
Elyvilon
Gozag
Hepliaklqana
Kikubaaqudgha
Makhleb
Nemelex Xobeh
Ru
Sif Muna
Trog
Vehumet
Wu Jian
The Shining One

Portals:
Trove: D:10 (give +2 gold dragon scales)

Annotations:
D:10 Josephine


Message History

Josephine is lightly wounded.
You slash the wraith! You burn the wraith.
You destroy the wraith!
Beogh accepts your kill.
You closely miss Josephine.
Josephine is lightly wounded.
You slash the wraith! You burn the wraith.
You destroy the wraith!
Beogh accepts your kill.
Josephine hits you with a +2 dagger of venom.
You are poisoned.
You slash Josephine! You burn Josephine.
Josephine is heavily wounded.
You feel very sick. Josephine hits you but does no damage.
You are more poisoned.
Your orc knight roars a battlecry!
Your orc wizard goes into a battle-frenzy!
You completely miss Josephine.
Josephine is heavily wounded.
You slash the wraith! You burn the wraith.
You feel very sick.
Josephine hits you with a +2 dagger of venom!
You are more poisoned.
The wraith barely misses you.
You slash Josephine! You burn Josephine.
Josephine is severely wounded.
You slash the wraith! You burn the wraith.
You feel very sick.
Josephine hits you with a +2 dagger of venom!
* * * LOW HITPOINT WARNING * * *
You are lethally poisoned!
The wraith hits you but does no damage.
You slash Josephine! You burn Josephine.
Josephine is severely wounded.
You hit the wraith but do no damage.
* * * LOW HITPOINT WARNING * * *
You feel extremely sick. Josephine draws life force from you!!
You die...

...................(....#
....................###.####
#....>...............[.o...#
#...#######.#.#.###.#.#o####
#...# #................#
#...# #....#.##.##.#.###
#...# #....#.##.##.#.# #...#
#....+..oooo...# #...#
#....#.##@###### #...#
#.......W@# #####
######..#W# ##.#.. #....
#.## ..# ..#


You could see Josephine (ally target), 2 wraiths, a friendly orc knight, 2
friendly orc wizards and a friendly orc (strong).

Vanquished Creatures
  2 two-headed ogres (D:10)
  A cyclops (D:10)
  Joseph (D:7)
  2 hornets
  3 wraiths (D:10)
  14 yaks
  2 steam dragons
  An acid dragon (D:6)
  4 water moccasins
  An ice beast (D:6)
  3 black bears
  2 orc warriors
  A centaur (D:10)
  4 kobold brigands
  A phantom (D:6)
  2 necrophages (D:5)
  4 bullfrogs
  A gnoll sergeant (D:8)
  A scorpion (D:5)
  4 wights (D:8)
  7 killer bees (D:9)
  2 howler monkeys
  7 hounds
  2 jellies (D:6)
  4 orc priests
  A gnoll bouda (D:5)
  4 iguanas
  14 orc wizards
  9 gnolls (D:5)
  12 adders
  6 river rats
  A shadow imp (D:7)
  2 ufetubi
  3 worms
  4 dart slugs
  29 orcs
  6 ball pythons
  4 bats
  6 endoplasms
  8 giant cockroaches
  5 hobgoblins
  12 kobolds
  3 quokkas
  A frilled lizard (D:2)
  4 goblins
  5 rats
215 creatures vanquished.

Vanquished Creatures (collateral kills)
  An orc priest (D:6)
  An orc (D:6)
  A kobold (D:9)
3 creatures vanquished.

Vanquished Creatures (others)
  A killer bee (D:10)
  An orc wizard (D:9)
  4 orcs (D:9)
  A plant (D:10)
7 creatures vanquished.

Grand Total: 225 creatures vanquished

Notes
Turn   | Place    | Note
-------+----------+-------------------------------------------
     0 | D:1      | wilfster70 the Hill Orc Fighter began the quest for the
                  | Orb.
     0 | D:1      | Reached XP level 1. HP: 19/19 MP: 1/1
    29 | D:1      | Reached skill level 3 in Axes
    32 | D:1      | Identified a scroll of acquirement
    32 | D:1      | Acquired a +6 broad axe of flaming
   208 | D:1      | Reached XP level 2. HP: 26/27 MP: 2/2
   285 | D:1      | Acquired a manual of Fighting
   394 | D:1      | You fall into a shaft and drop 1 floor!
   556 | D:2      | Reached XP level 3. HP: 33/33 MP: 3/3
   641 | D:2      | Found a faded altar of an unknown god.
  1172 | D:3      | Reached skill level 4 in Axes
  1173 | D:3      | Reached XP level 4. HP: 41/41 MP: 4/4
  1221 | D:3      | Found a glowing drain.
  1253 | Sewer    | Entered a sewer
  1444 | Sewer    | Reached XP level 5. HP: 42/47 MP: 5/5
  1486 | Sewer    | Acquired the ring "Yblol" {Will+ Int+4}
  1520 | Sewer    | Reached skill level 5 in Fighting
  1550 | Sewer    | Noticed a kobold brigand
  1563 | Sewer    | Killed a kobold brigand
  1564 | Sewer    | Reached skill level 5 in Axes
  1570 | Sewer    | Reached XP level 6. HP: 41/56 MP: 6/6
  1916 | Sewer    | Reached skill level 6 in Axes
  2122 | D:3      | Found a burning altar of Makhleb.
  2136 | D:3      | Found an opulent altar of Gozag.
  2186 | D:3      | Became a worshipper of Beogh the Brigand
  2265 | D:3      | Found an ornate altar of the Wu Jian Council.
  2567 | D:3      | Found a radiant altar of Vehumet.
  2572 | D:3      | Reached skill level 1 in Invocations
  2572 | D:3      | Reached XP level 7. HP: 56/64 MP: 7/7
  2581 | D:3      | Reached skill level 5 in Armour
  2584 | D:3      | Got Vehumet's Parchment of Attacks
  2591 | D:3      | Found an ancient bone altar of Kikubaaqudgha.
  2668 | D:3      | Found a shimmering blue altar of Sif Muna.
  2882 | D:4      | Found a bloodstained altar of Trog.
  2963 | D:4      | Reached skill level 7 in Axes
  3128 | D:4      | Found a sacrificial altar of Ru.
  3364 | D:5      | Entered Level 5 of the Dungeon
  3682 | D:5      | Reached * piety under Beogh
  3683 | D:5      | Reached XP level 8. HP: 72/73 MP: 8/10
  3744 | D:5      | Reached skill level 8 in Axes
  3839 | D:5      | Found a shadowy altar of Dithmenos.
  4197 | D:5      | Found a sparkling altar of Nemelex Xobeh.
  4571 | D:5      | Reached skill level 9 in Axes
  4941 | D:6      | Reached ** piety under Beogh
  5157 | D:6      | Reached skill level 5 in Invocations
  5157 | D:6      | Reached XP level 9. HP: 78/83 MP: 12/12
  5276 | D:6      | Reached skill level 10 in Axes
  6270 | D:7      | Noticed Joseph
  6279 | D:7      | Killed Joseph
  6280 | D:7      | Reached skill level 10 in Fighting
  6300 | D:7      | Reached skill level 11 in Axes
  6864 | D:7      | Found a staircase to the Ecumenical Temple.
  7101 | D:8      | Noticed a hornet
  7258 | D:8      | Reached XP level 10. HP: 67/95 MP: 15/15
  7558 | D:8      | Paralysed by a hornet for 2 turns
  7561 | D:8      | Reached skill level 12 in Axes
  7995 | D:8      | Found a broken altar of Ashenzari.
  8267 | D:8      | Found a hazy altar of Hepliaklqana.
  8275 | D:8      | Found a faded altar of an unknown god.
  8513 | D:9      | Found a glowing golden altar of the Shining One.
  8586 | D:9      | Reached *** piety under Beogh
  8858 | D:9      | Reached skill level 13 in Axes
  9261 | D:9      | Found a white marble altar of Elyvilon.
  9296 | D:10     | Entered Level 10 of the Dungeon
  9320 | D:10     | Found the +3 crown of Dyrovepreva {rElec Int+2 SInv}
  9323 | D:10     | Noticed a cyclops
  9551 | D:10     | Killed a cyclops
  9810 | D:10     | Noticed a two-headed ogre
  9815 | D:10     | Killed a two-headed ogre
  9818 | D:10     | Reached skill level 14 in Axes
  9930 | D:10     | Noticed a two-headed ogre
  9935 | D:10     | Killed a two-headed ogre
  9936 | D:10     | Reached XP level 11. HP: 107/107 MP: 13/18
 10045 | D:10     | Found a portal to a secret trove of treasure.
 10288 | D:10     | Reached skill level 15 in Axes
 10293 | D:10     | Noticed Josephine
 10301 | D:10     | Killed from afar by Josephine

Illustrated notes

Levels and vault maps discovered:
D:1:      evilmike_arrival_plus, layout_rooms
D:2:      minmay_evil_eye, layout_loops_ring, ebering_ecumenical_altar_box
D:3:      layout_basic, palyth_temple_overflow_mages, nzn_wu_jian_contemplation,
          amethyst_overflow_temple_binary, portal_sewer_entry_c
D:4:      layout_basic, trog_book, nicolae_ru_great_annihilating_truth
D:5:      layout_loops_ring, nicolae_dithmenos_the_darkroom,
          overflow_temple_1_default
D:6:      layout_basic
D:7:      layout_loops_ring, minmay_temple_entry_poolview, uniq_joseph
D:8:      layout_loops_ring, mainiacjoe_overflow_cross_hatched,
          beargit_hepliaklqana_dungeon_heroes, grunt_ministairs_7,
          dk_noncrumbling_4
D:9:      layout_roguey, mainiacjoe_overflow_paths,
          nicolae_elyvilon_peaceful_grove
D:10:     layout_basic, nicolae_trove_entry_crossroad, pond, uniq_josephine

Skill      XL: |  1  2  3  4  5  6  7  8  9 10 11 |
---------------+----------------------------------+-----
Axes           | 3 4 5 6 7 9 11 14 15 | 15.2
Fighting       | 4 5 6 7 9 11 13 14 | 14.1
Armour         | 4 5 6 7 |  7.3
Shields        | 4 |  4.0
Invocations    | 1 3 5 7 9 |  9.9

Action                   |  1- 3 |  4- 6 |  7- 9 | 10-12 || total
-------------------------+-------+-------+-------+-------++-------
Melee: War axe           |     8 |       |       |       ||     8
       Broad axe         |    45 |   117 |   222 |   127 ||   511
Invok: Convert to Beogh  |       |     1 |       |       ||     1
       Smiting           |       |       |       |     3 ||     3
  Use: Scroll            |     7 |     2 |     6 |     3 ||    18
 Stab: Paralysed         |       |       |     1 |       ||     1
Armor: Scale mail        |    29 |    58 |    43 |       ||   130
       Plate armour      |       |       |    72 |    63 ||   135
Dodge: Dodged            |    29 |    53 |   101 |    73 ||   256
Block: Buckler           |    16 |    31 |    66 |     4 ||   117
       Kite shield       |       |       |       |    59 ||    59

Table legend: (Time is in decaauts)
 A = Elapsed time spent in this place.
 B = Non-inter-level travel time spent in this place.
 C = Inter-level travel time spent in this place.
 D = Time resting spent in this place.
 E = Time spent auto-exploring this place.
 F = Levels seen in this place.
 G = Mean time per level.
                   A        B        C        D        E       F      G
               +--------+--------+--------+--------+--------+-----+--------+
         Total |  10527 |  10327 |    200 |   2941 |   4327 |  11 |  957.0 |
       Dungeon |   9706 |   9506 |    200 |   2566 |   4270 |  10 |  970.6 |
         Sewer |    821 |    821 |      0 |    375 |     56 |   1 |  821.0 |
               +--------+--------+--------+--------+--------+-----+--------+

Top non-repeatable levels by time:
     D:8: 1490 daAuts
     D:7: 1281 daAuts
     D:9: 1224 daAuts
     D:4: 1040 daAuts
     D:5: 1018 daAuts
     D:3: 983 daAuts
     D:6: 877 daAuts
   Sewer: 821 daAuts
    D:10: 677 daAuts
     D:1: 581 daAuts
     D:2: 531 daAuts
